 Dungeon Crawl Stone Soup version 0.31-a0-1278-g11c5b68f87 (webtiles) character file.

Game seed: 9662369420868929317

2695 clenchingflame the Cleaver (level 9, -1/79 HPs)
             Began as a Hill Orc Fighter on Dec 18, 2023.
             Was a Follower of Qazlal.
             Slain by an ogre
             ... wielding a +0 giant spiked club
              (8 damage)
             ... on level 7 of the Dungeon.
             The game lasted 00:25:57 (5548 turns).

clenchingflame the Cleaver (Hill Orc Fighter)       Turns: 5548, Time: 00:25:57

Health: -1/79      AC: 19    Str: 23    XL:     9   Next: 65%
Magic:  0/9        EV:  8    Int:  8    God:    Qazlal [*.....]
Gold:   388        SH:  2    Dex: 10    Spells: 8/8 levels left

rFire   . . .        H - +5 battleaxe
rCold   . . .        (shield currently unavailable)
rNeg    + . .        p - +3 chain mail "Onia" {Harm Slay+5 SInv}
rPois   .            K - +1 helmet
rElec   .            (no cloak)
rCorr   .            (no gloves)
SInv    +            (no boots)
Will    .....        w - amulet of guardian spirit Stlth
                     G - +4 ring of protection
HPRegen 0.33/turn    y - ring of positive energy
MPRegen 0.11/turn

%: harm (+30% outgoing, +20% incoming), guardian spirit
@: mighty
A: no striking features
a: Renounce Religion


You were on level 7 of the Dungeon.
You worshipped Qazlal.
Qazlal was aware of your devotion.
You visited 1 branch of the dungeon, and saw 7 of its levels.

You collected 388 gold pieces.

Inventory:

Hand Weapons
 D - a +1 flail of protection
 H - a +5 battleaxe (weapon)
Missiles
 b - 2 throwing nets
 e - 46 stones
 g - 25 poisoned darts (quivered)
 k - 9 boomerangs
Armour
 c - a +0 buckler
 p - the +3 chain mail "Onia" (worn) {Harm Slay+5 SInv}
   (You found it on level 2 of the Dungeon)

   Slay+5:    It affects your accuracy & damage with ranged weapons and melee
   (+5).
   SInv:      It lets you see invisible.
   Harm:      It increases damage dealt and taken.
 K - a +1 helmet (worn)
Jewellery
 j - a ring of flight
 w - an amulet of guardian spirit (around neck)
 y - a ring of positive energy (right hand)
 F - an amulet of faith
 G - a +4 ring of protection (left hand)
Talismans
 m - a blade talisman
Wands
 s - a wand of mindburst (21)
 J - a wand of light (5)
Scrolls
 f - a scroll of acquirement {unknown}
 i - a scroll of identify {unknown}
 l - 6 scrolls of teleportation {unknown}
 n - 2 scrolls of amnesia {unknown}
 o - a scroll of silence {unknown}
 q - 2 scrolls of fog {unknown}
 r - 2 scrolls of blinking {unknown}
 v - a scroll of revelation {unknown}
 x - 2 scrolls of poison {unknown}
Potions
 a - a potion of attraction {unknown}
 d - a potion of might
 h - a potion of magic {unknown}
 t - a potion of haste {unknown}
 u - a potion of cancellation {unknown}
 z - 3 potions of curing {unknown}
 A - 4 potions of lignification
 B - a potion of heal wounds {unknown}
 C - a potion of mutation {unknown}
 E - a potion of degeneration {unknown}
 I - a potion of enlightenment {unknown}


   Skills:
 - Level 7.4 Fighting
 * Level 13.9 Axes
 + Level 6.1 Armour
 - Level 3.2 Shields


You had 8 spell levels left.
You didn't know any spells.
Your spell library contained the following spells:

 Spells                   Type           Power      Damage    Failure   Level
 Apportation              Tloc           0%         N/A       93%         1
 Necrotise                Necr           0%         1d4       93%         1
 Summon Small Mammal      Summ           0%         N/A       93%         1
 Frozen Ramparts          Ice            0%         1d1       100%        3
 Ozocubu's Armour         Ice            0%         N/A       100%        3
 Leda's Liquefaction      Tmut/Erth      0%         N/A       100%        4
 Petrify                  Tmut/Erth      0%         N/A       100%        4
 Metabolic Englaciation   Hex/Ice        0%         N/A       100%        5
 Simulacrum               Ice/Necr       0%         N/A       100%        6


Dungeon Overview and Level Annotations

Branches:
Dungeon (7/15)             Temple (0/1) D:7

Altars:
Dithmenos
Fedhas
Gozag
Makhleb
Nemelex Xobeh
Qazlal
Vehumet

Shops:
D:7 :=:


Message History

* * * LOW HITPOINT WARNING * * *
You block the kobold brigand's attack. The howler monkey barely misses you.
You slash the water moccasin!
You kill the water moccasin!
Qazlal accepts your kill.
You closely miss the kobold brigand. You slash the howler monkey!
The kobold brigand hits you with a +0 dagger.
* * * LOW HITPOINT WARNING * * *
An iguana comes into view.
The howler monkey hoots and howls with incredible vigour!
Your Armour skill increases to level 6!
You slice the iguana!!
You kill the iguana!
Qazlal accepts your kill.
You closely miss the kobold brigand. You closely miss the howler monkey.
A shadow imp comes into view.
The kobold brigand completely misses you.
The howler monkey hits you.
* * * LOW HITPOINT WARNING * * *
You hit the shadow imp.
The shadow imp is heavily wounded.
You slash the kobold brigand! You hit the howler monkey.
You kill the howler monkey!
Qazlal accepts your kill.
The shadow imp hits you but does no damage.
The kobold brigand barely misses you.
You slice the kobold brigand!!
You kill the kobold brigand!
Qazlal accepts your kill.
You barely miss the shadow imp. The shadow imp closely misses you.
You barely miss the shadow imp.
The shadow imp is heavily wounded.
The shadow imp hits you but does no damage.
You slice the shadow imp!!
You kill the shadow imp!
Qazlal accepts your kill.
An ogre comes into view. It is wielding a +0 giant spiked club.
The ogre attacks as it pursues you!
The ogre hits you with a +0 giant spiked club!
You die...

. #...... #. #...#.#
#.#############.
#.......# #..
#.#)#...# #..
'###.##..# #..
##†'...#..## #..
##O###.##...## #..
#)@#####.....####..
#..[?#..............
#....#.#.....<####..
##..## #.#...## #.#
#### ...##### #..
..#.# ##. . .. #. ##
#. #.


You could see an ogre.

Vanquished Creatures
  3 water moccasins
  2 black bears (D:6)
  A hornet zombie (D:7)
  An orc warrior (D:7)
  A sky beast (D:7)
  A centaur (D:6)
  3 ogres
  4 bullfrogs
  2 kobold brigands
  5 scorpions
  5 wights (D:7)
  A howler monkey (D:7)
  A centaur zombie (D:7)
  A bullfrog zombie (D:7)
  2 hounds
  An orc priest (D:5)
  6 iguanas
  A killer bee zombie (D:7)
  The ghost of pigah the Changeling, a weakling OpSh (D:3)
  A howler monkey zombie (D:7)
  6 gnolls
  4 adders
  A shadow imp (D:7)
  4 ufetubi
  3 worms
  4 dart slugs
  12 orcs
  8 ball pythons
  8 endoplasms
  5 giant cockroaches
  5 goblins
  7 hobgoblins
  12 jackals
  7 quokkas
  6 frilled lizards
  5 kobolds
  6 rats
  A butterfly (D:7)
147 creatures vanquished.

Notes
Turn   | Place    | Note
-------+----------+-------------------------------------------
     0 | D:1      | clenchingflame the Hill Orc Fighter began the quest for the
                  | Orb.
     0 | D:1      | Reached XP level 1. HP: 19/19 MP: 1/1
    29 | D:1      | Reached skill level 3 in Axes
    94 | D:1      | Reached XP level 2. HP: 26/26 MP: 2/2
   452 | D:1      | Reached skill level 4 in Axes
   492 | D:1      | Reached XP level 3. HP: 31/31 MP: 3/3
   997 | D:2      | Identified the +3 chain mail "Onia" {Harm Slay+5 SInv}
  1108 | D:2      | Reached XP level 4. HP: 34/40 MP: 4/4
  1282 | D:3      | Found an opulent altar of Gozag.
  1310 | D:3      | Reached skill level 5 in Axes
  1328 | D:3      | Found a runed translucent door.
  1328 | D:3      | Noticed pigah's ghost (weakling OpSh)
  1497 | D:3      | Found a radiant altar of Vehumet.
  2104 | D:3      | Killed pigah's ghost
  2139 | D:4      | Noticed a scorpion
  2243 | D:4      | Found a blossoming altar of Fedhas.
  2264 | D:4      | Reached XP level 5. HP: 46/46 MP: 5/5
  2348 | D:4      | Noticed a water moccasin
  2356 | D:4      | Killed a water moccasin
  2357 | D:4      | Reached skill level 6 in Axes
  2357 | D:4      | Reached XP level 6. HP: 55/55 MP: 6/6
  2372 | D:4      | Reached skill level 5 in Fighting
  2372 | D:4      | Reached skill level 7 in Axes
  2957 | D:5      | Entered Level 5 of the Dungeon
  2977 | D:5      | Reached skill level 8 in Axes
  2977 | D:5      | Reached XP level 7. HP: 41/61 MP: 5/7
  3131 | D:5      | Found a burning altar of Makhleb.
  3214 | D:5      | Found a stormy altar of Qazlal.
  3223 | D:5      | Became a worshipper of Qazlal Stormbringer
  3534 | D:6      | Reached skill level 9 in Axes
  3781 | D:6      | Reached XP level 8. HP: 68/71 MP: 5/8
  3823 | D:6      | Reached skill level 10 in Axes
  4295 | D:6      | Found a sparkling altar of Nemelex Xobeh.
  4760 | D:7      | Reached skill level 11 in Axes
  4983 | D:7      | Found Kydywe's Book Shoppe.
  5007 | D:7      | Found Acsosiot's Jewellery Shoppe.
  5018 | D:7      | Reached skill level 12 in Axes
  5018 | D:7      | Reached skill level 5 in Armour
  5018 | D:7      | Reached XP level 9. HP: 79/79 MP: 9/9
  5050 | D:7      | Found Nojutogu's Book Emporium.
  5079 | D:7      | Found a staircase to the Ecumenical Temple.
  5130 | D:7      | Reached * piety under Qazlal
  5143 | D:7      | Found a shadowy altar of Dithmenos.
  5526 | D:7      | Reached skill level 13 in Axes
  5548 | D:7      | Slain by an ogre

Illustrated notes

Levels and vault maps discovered:
D:1:      reono_arrival_forest_river, layout_loops_ring, minmay_misc_feat_iff
D:2:      layout_basic
D:3:      wander_river, layout_basic, mainiacjoe_overflow_24_doors,
          mainiacjoe_overflow_boulevard, gammafunk_ghost_grave
D:4:      kennysheep_six_static_rooms, layout_basic, lemuel_round_altar,
          eino_small_chamber_without_monster
D:5:      layout_rooms, mainiacjoe_overflow_alcove_2,
          nicolae_qazlal_scattered_showers, item_on_display_a
D:6:      layout_basic, overflow_temple_1_default, hangedman_decor_slide_cut
D:7:      layout_loops_ring, mainiacjoe_overflow_surrounded_room,
          minmay_temple_entry_butterflies, serial_undead, serial_undead_f,
          serial_undead_c, serial_undead_d, serial_undead_a, serial_undead_b,
          serial_shops, shop, shop, minmay_misc_feat_alley,
          minmay_shop_enchanted_jewellery, grunt_ogre_cave,
          minmay_joined_circles

Skill      XL: |  1  2  3  4  5  6  7  8  9 |
---------------+----------------------------+-----
Axes           | 3 4 5 6 8 9 12 13 | 13.9
Armour         | 4 5 6 |  6.1
Fighting       | 4 5 6 7 |  7.4
Shields        | |  3.2

Action                     |  1- 3 |  4- 6 |  7- 9 || total
---------------------------+-------+-------+-------++-------
  Melee: War axe           |   106 |   126 |   109 ||   341
         Battleaxe         |       |       |    35 ||    35
  Throw: Dart              |       |     2 |     2 ||     4
    Use: Potion            |       |     2 |     1 ||     3
 Armour: Scale mail        |    55 |       |       ||    55
         Chain mail        |     9 |    84 |   121 ||   214
         Skin              |       |    10 |       ||    10
  Dodge: Dodged            |    47 |    25 |    45 ||   117
  Block: Buckler           |    21 |    24 |    21 ||    66
         Other             |       |       |     1 ||     1

Table legend: (Time is in decaauts)
 A = Elapsed time spent in this place.
 B = Non-inter-level travel time spent in this place.
 C = Inter-level travel time spent in this place.
 D = Time resting spent in this place.
 E = Time spent auto-exploring this place.
 F = Levels seen in this place.
 G = Mean time per level.
                   A        B        C        D        E       F      G
               +--------+--------+--------+--------+--------+-----+--------+
         Total |   5638 |   5318 |    320 |    864 |   3167 |   7 |  805.4 |
       Dungeon |   5638 |   5318 |    320 |    864 |   3167 |   7 |  805.4 |
               +--------+--------+--------+--------+--------+-----+--------+

Top non-repeatable levels by time:
     D:6: 1188 daAuts
     D:3: 1006 daAuts
     D:4: 888 daAuts
     D:7: 811 daAuts
     D:1: 751 daAuts
     D:5: 510 daAuts
     D:2: 481 daAuts
